 Dungeon Crawl Stone Soup version 0.16-a0-3501-g08befd0 (webtiles) character file.

366 Minkie the Gusty (level 6, -17/32 HPs)
             Began as a Tengu Air Elementalist on Jan 5, 2015.
             Killed from afar by Minkie's ghost (21 damage)
             ... with a bolt of negative energy
             ... on level 4 of the Dungeon.
             The game lasted 00:20:21 (4448 turns).

Minkie the Gusty (Tengu Air Elementalist)           Turns: 4448, Time: 00:20:21

Health: -17/32     AC:  2    Str: 10    XL:     6   Next: 68%
Magic:  10/17      EV: 12    Int: 15    God:
Gold:   161        SH:  0    Dex: 15    Spells: 2 memorised, 7 levels left

rFire  . . .     SeeInvis .     n - -3 blowgun (curse)
rCold  . . .     Clarity  .     a - +1 robe
rNeg   . . .     SustAb   .     (no shield)
rPois  .         Gourm    .     (helmet restricted)
rElec  .         Spirit   .     h - -2 cloak (curse)
rCorr  .         Warding  .     (no gloves)
rMut   .         Stasis   .     (boots unavailable)
MR     .....                    (no amulet)
Stlth  ++........               (no ring)
                                (no ring)

@: heavily drained, not resistant to hostile enchantments, unstealthy
A: able to fly, beak, talons 3
a: Fly


You were on level 4 of the Dungeon.
You were not hungry.

You visited 1 branch of the dungeon, and saw 4 of its levels.

You collected 161 gold pieces.

Inventory:

Hand weapons
 e - a +1 dagger of venom
 n - a cursed -3 blowgun (weapon)
Missiles
 l - 38 poisoned needles (quivered)
Armour
 a - a +1 robe (worn)
 h - a cursed -2 cloak (worn)
Scrolls
 i - a scroll of recharging
 j - 2 scrolls of amnesia
 m - a scroll of identify
Potions
 g - a potion of brilliance
Books
 b - a book of Air

   Spells                             Type                      Level
   a - Shock                          Conjuration/Air              1
   b - Swiftness                      Charms/Air                   2
   c - Repel Missiles                 Charms/Air                   2
   d - Flight                         Charms/Air                   3
   e - Static Discharge               Conjuration/Air              3
   f - Lightning Bolt                 Conjuration/Air              5
Comestibles
 c - 3 bread rations
 d - a meat ration
 f - a royal jelly
 k - a chunk of flesh


   Skills:
 - Level 2.1(1.1) Dodging
 - Level 2.0(0.9) Stealth
 - Level 4.0(2.8) Spellcasting
 + Level 5.7(4.4) Conjurations
 + Level 5.8(4.5) Air Magic


You had 7 spell levels left.
You knew the following spells:

 Your Spells              Type           Power        Failure   Level  Hunger
a - Shock                 Conj/Air       ###.         3%          1    #......
b - Lightning Bolt        Conj/Air       ###.......   87%         5    ######.


Dungeon Overview and Level Annotations

Branches:
Dungeon (4/15)
 Temple: D:4-7

Altars:
Dithmenos
Fedhas
Kikubaaqudgha
Makhleb
Ru

Annotations:
D:4 Minkie's ghost, experienced DrTm


Innate Abilities, Weirdness & Mutations

You can fly.
You have a beak for a mouth.
You have claws for feet.


Message History

Aim: Minkie's ghost (moderately damaged, catching its breath)
The zap hits Minkie's ghost.
Minkie's ghost appears unharmed.
Minkie's ghost is moderately damaged.
Casting: Shock
Confirm with . or Enter, or press ? or * to list all spells.
Aiming: Shock
Press: ? - help, Shift-Dir - straight line, f/p - Minkie's ghost
Aim: Minkie's ghost (moderately damaged, catching its breath)
The zap hits Minkie's ghost.
Minkie's ghost is moderately damaged.
Casting: Shock
Confirm with . or Enter, or press ? or * to list all spells.
Aiming: Shock
Press: ? - help, Shift-Dir - straight line, f/p - Minkie's ghost
Aim: Minkie's ghost (moderately damaged)
The zap misses Minkie's ghost.
Minkie's ghost breathes negative energy at you.
The bolt of negative energy hits you!
You feel drained.
Ouch! That really hurt!
You die...

###............#
..........).....#
...............#
............########
............##...._#2
##............##
#######.#.###(#
.............#
.<......@..._#
........†....#
........W(...#
....##..†#.#.#
..>###.(....#
#........#
...g.g.......#
............#
............#


You could see Minkie's ghost.

Vanquished Creatures
  A crimson imp (D:2)
  2 orc priests
  An orc wizard (D:3)
  7 adders
  6 gnolls
  3 worms
  2 giant geckos
  An ooze (D:2)
  10 orcs (D:3)
  A ball python (D:3)
  12 bats
  3 giant cockroaches
  10 hobgoblins
  12 jackals
  7 kobolds
  A quokka (D:3)
  5 giant newts
  13 goblins
  11 rats
108 creatures vanquished.

Notes
Turn   | Place    | Note
--------------------------------------------------------------
     0 | D:1      | Minkie, the Tengu Air Elementalist, began the quest for the Orb.
     0 | D:1      | Reached XP level 1. HP: 10/10 MP: 3/3
   338 | D:1      | Reached XP level 2. HP: 13/15 MP: 6/6
  1023 | D:2      | Reached XP level 3. HP: 11/19 MP: 9/9
  1318 | D:2      | Found a shadowy altar of Dithmenos.
  1845 | D:2      | Reached XP level 4. HP: 24/24 MP: 4/12
  1938 | D:2      | Found a blossoming altar of Fedhas.
  2088 | D:2      | Found an ancient bone altar of Kikubaaqudgha.
  2551 | D:2      | Found a burning altar of Makhleb.
  2557 | D:2      | Reached XP level 5. HP: 28/28 MP: 7/15
  2615 | D:2      | Learned a level 5 spell: Lightning Bolt
  3448 | D:3      | Reached XP level 6. HP: 32/32 MP: 17/17
  3790 | D:3      | Reached skill level 5 in Air Magic
  3950 | D:3      | Reached skill level 5 in Conjurations
  4374 | D:4      | Found a burning altar of Makhleb.
  4376 | D:4      | Found a sacrificial altar of Ru.
  4391 | D:4      | Noticed a green death
  4441 | D:4      | Noticed Minkie's ghost (experienced DrTm)
  4448 | D:4      | Killed from afar by Minkie's ghost

Action                   |  1- 3 |  4- 6 || total
-------------------------+-------+-------++-------
Melee: Unarmed           |    12 |       ||    12
       Dagger            |    28 |     5 ||    33
 Fire: Blowgun           |       |    36 ||    36
 Cast: Shock             |    63 |   131 ||   194
  Use: Potion            |       |     3 ||     3
       Scroll            |       |     7 ||     7
 Stab: Sleeping          |     1 |    13 ||    14
  Eat: Chunk             |     3 |     8 ||    11
